 Dungeon Crawl Stone Soup version 0.27-a0-401-gea03ee85fd (webtiles) character file.

Game seed: 7607145957442982624

14940 wampuh the Cleaver (level 11, -2/92 HPs)
             Began as a Grey Draconian Berserker on Feb 21, 2021.
             Was a High Priest of Trog.
             Slain by a polar bear (13 damage)
             ... on level 1 of the Lair of Beasts.
             The game lasted 00:18:33 (16827 turns).

wampuh the Cleaver (Grey Draconian Berserker)      Turns: 16827, Time: 00:18:34

Health: -2/92      AC: 12    Str: 22    XL:     11   Next: 95%
Magic:  11/11      EV: 16    Int:  8    God:    Trog [*****.]
Gold:   1009       SH:  0    Dex: 11    Spells: 10/10 levels left

rFire    + . .     SeeInvis .   s - +7 mace of Variability {chain chaos}
rCold    + . .     Faith    .   (shield currently unavailable)
rNeg     . . .     Spirit   .   (armour unavailable)
rPois    .         Reflect  .   (helmet restricted)
rElec    .         Harm     .   (no cloak)
rCorr    .         Rampage  .   (no gloves)
Will     ++...                  (no boots)
Stlth    +.........             (no amulet)
HPRegen  1.25/turn              I - ring of protection from cold
MPRegen  0.12/turn              t - ring of protection from fire

@: berserk cooldown, regenerating, slowed, very slow
A: walk through water, unfitting armour, unbreathing, cold-blooded, AC +12
a: Renounce Religion, Berserk, Trog's Hand, Brothers in Arms


You were on level 1 of the Lair of Beasts.
You worshipped Trog.
Trog was extremely pleased with you.
You visited 2 branches of the dungeon, and saw 13 of its levels.

You collected 1009 gold pieces.

Inventory:

Hand Weapons
 s - the +7 mace of Variability (weapon) {chain chaos}
   (You found it on level 8 of the Dungeon)

   Each time it hits an enemy it has a different, random effect.
 H - the +7 broad axe of the Depths {flame, rElec Int+8}
   (Trog gifted it to you on level 11 of the Dungeon)

   It has been specially enchanted to burn those struck by it, causing extra
   injury to most foes and up to half again as much damage against particularly
   susceptible opponents.
   Big, fiery blades are also staple armaments of hydra-hunters.
   It affects your intelligence (+8).
   It insulates you from electricity.
Missiles
 E - 4 curare-tipped darts
Armour
 N - a +2 buckler
Jewellery
 b - a ring of positive energy
 t - a ring of protection from fire (right hand)
 I - a ring of protection from cold (left hand)
 K - a ring of protection from fire
Wands
 a - a wand of acid (5)
 w - a wand of iceblast (30)
 y - a wand of random effects (62)
 z - a wand of mindburst (19)
 B - a wand of paralysis (20)
 G - a wand of flame (38)
Scrolls
 e - 5 scrolls of teleportation
 g - 2 scrolls of random uselessness {unknown}
 h - 3 scrolls of amnesia {unknown}
 k - 6 scrolls of enchant armour
 n - 2 scrolls of immolation {unknown}
 o - 4 scrolls of magic mapping
 p - 3 scrolls of fear {unknown}
 A - a scroll of enchant weapon {unknown}
 C - a scroll of identify
 F - a scroll of fog {unknown}
 L - a scroll of blinking
 M - a scroll of noise {unknown}
Potions
 c - a potion of ambrosia {unknown}
 d - 2 potions of might {unknown}
 f - 4 potions of curing
 i - a potion of heal wounds
 j - 4 potions of brilliance
 l - 3 potions of haste
 q - a potion of lignification
 r - a potion of cancellation
 u - a potion of invisibility {unknown}
 v - 2 potions of flight
 x - a potion of degeneration {unknown}
 D - a potion of magic {unknown}
 J - a potion of berserk rage {unknown}


   Skills:
 - Level 7.5 Fighting
 - Level 12.4(13.4) Axes
 * Level 9.0(11.9) Maces & Flails
 + Level 8.5 Dodging
 - Level 6.0 Evocations


You had 10 spell levels left.
You didn't know any spells.
Your spell library was empty.

Dungeon Overview and Level Annotations

Branches:
Dungeon (12/15)            Temple (0/1) D:7            Lair (1/6) D:11
    Orc (0/2) D:11

Altars:
Ashenzari
Dithmenos
Fedhas
Gozag
Hepliaklqana
Nemelex Xobeh
Qazlal
Sif Muna
Trog
Xom
Zin

Annotations:
D:4 3 runed translucent doors, tinescath's ghost, novice GrFE


Innate Abilities, Weirdness & Mutations

You can walk through water.
Your dull iron-grey scales are very hard. (AC +12)
You cannot fit into any form of body armour.
You can survive without breathing.
You are cold-blooded and may be slowed by cold attacks.


Message History

You closely miss the spriggan.
The spriggan is almost dead.
You bludgeon the spriggan!!
The spriggan seems to slow down.
The spriggan is severely wounded.
The spriggan hits you but does no damage.
The spriggan hits you with the +7 trident of the Thieving Wasp {flame, *Corrode Str+4 Dex+4}.
* * * LOW HITPOINT WARNING * * *
You miss the spriggan.
Your tail-slap misses the spriggan.
The spriggan is severely wounded.
The spriggan misses you.
You completely miss the spriggan.
The spriggan is severely wounded.
The spriggan hits you but does no damage.
The spriggan closely misses you.
You barely miss the spriggan.
The spriggan is almost dead.
You closely miss the spriggan.
The spriggan is almost dead.
The spriggan hits you with a +0 spear.
* * * LOW HITPOINT WARNING * * *
The spriggan hits you with the +7 trident of the Thieving Wasp {flame, *Corrode Str+4 Dex+4}!
* * * LOW HITPOINT WARNING * * *
The spriggan burns you.
* * * LOW HITPOINT WARNING * * *
You sock the spriggan!
You kill the spriggan!
Trog accepts your kill.
Your base Maces & Flails skill increases to level 9!
You beat the spriggan like a drum!!!
You kill the spriggan!
Trog accepts your kill.
You sock the polar bear!
The polar bear is moderately wounded.
You are no longer berserk.
You are exhausted.
You feel yourself slow down.
Your skin crawls.
You feel strong-willed. The polar bear bites you!
You die...

....######..#.#......<..........#
...## ##..####P.......#.####.#
#..## #.........#.....#.# #.#
.#.P# #.....♣♣♣♣##.#..#.# #..
##..# ####..♣$/♣ ♣♣#..#.# #.#
#P.##### #..#♣♣ ♣..#.# #.#
.......## #..⌠#♣♣ .♣#.#.# #..
.#.#P#.P# #...#.♣ .♣ #.#.# ##.#
##.###.## #...@h♣!♣ ♣#.#.###P.#
##.# #.# ##..#)..♣ ♣..........
##.# #.# #.⌠#..♣..♣..#..###..
...# #.# #.#♣[♣♣ ♣♣####.# ###
...# #.# #.♣..♣♣♣♣ ####.##
#.####.## ##♣♣♣♣..###.#...####
#.# #...# #..#....###.... #.#
##.## #..#.###....##. #.###P..#
#..#.####..#.#.


You could see a polar bear.

Vanquished Creatures
  The ghost of Oxili the Transmogrifier, a novice DgTm (Lair:1)
  Sonja (D:10)
  An unseen horror (D:6)
  An ugly thing (D:7)
  A manticore (D:11)
  2 cyclopes
  Joseph (D:8)
  A cane toad (Lair:1)
  A black mamba (Lair:1)
  A gargoyle (D:11)
  Psyche (D:9)
  3 komodo dragons
  6 trolls
  A shadow (D:11)
  2 wyverns (D:11)
  2 spriggans (Lair:1)
  A wraith (D:11)
  3 basilisks (D:11)
  2 chaos spawn (D:8)
  A steam dragon (D:11)
  Edmund (D:5)
  2 water moccasins
  3 sky beasts
  6 orc warriors
  2 ice beasts
  3 black bears
  An eye of draining (D:10)
  4 ogres
  9 centaurs
  2 phantoms
  8 bullfrogs
  2 scorpions
  15 wights
  2 electric eels (D:6)
  A bullfrog zombie (D:10)
  3 hounds
  2 centaur skeletons
  2 jellies
  8 orc priests
  6 bullfrog skeletons
  18 orc wizards
  3 iguanas
  Natasha (thrice) (D:4)
  8 worker ants
  A hound zombie (D:6)
  2 hound skeletons
  Robin (D:4)
  15 adders
  2 shadow imps
  4 white imps
  4 ufetubi
  2 oozes
  2 adder zombies
  5 adder skeletons
  3 worms
  5 leopard geckos
  50 orcs
  7 giant cockroaches
  17 goblins
  13 hobgoblins
  9 jackals
  8 quokkas
  2 ball pythons
  10 bats
  9 frilled lizards
  13 kobolds
  A leopard gecko skeleton (D:5)
  2 quokka zombies
  12 rats
346 creatures vanquished.

Vanquished Creatures (collateral kills)
  A troll (D:12)
  An eye of draining (D:12)
  A bullfrog (D:12)
3 creatures vanquished.

Vanquished Creatures (others)
  5 fungi (Lair:1)
  3 plants (Lair:1)
8 creatures vanquished.

Grand Total: 357 creatures vanquished

Notes
Turn   | Place    | Note
-------+----------+-------------------------------------------
     0 | D:1      | wampuh the Draconian Berserker began the quest for the Orb.
     0 | D:1      | Reached XP level 1. HP: 19/19 MP: 1/1
   367 | D:1      | Reached XP level 2. HP: 16/26 MP: 2/2
   946 | D:1      | Reached ** piety under Trog
   947 | D:1      | Reached XP level 3. HP: 33/33 MP: 3/3
  1679 | D:2      | Reached skill level 4 in Axes
  2084 | D:2      | Reached XP level 4. HP: 41/41 MP: 4/4
  2686 | D:3      | Reached *** piety under Trog
  2803 | D:3      | Reached skill level 5 in Fighting
  2806 | D:3      | Reached XP level 5. HP: 40/48 MP: 5/5
  3130 | D:4      | Found a runed translucent gate.
  3130 | D:4      | Found a runed translucent gate.
  3130 | D:4      | Found a runed translucent gate.
  3131 | D:4      | Noticed tinescath's ghost (novice GrFE)
  3162 | D:4      | Reached skill level 5 in Axes
  3410 | D:4      | Found a stormy altar of Qazlal.
  3581 | D:4      | Noticed an ogre
  3582 | D:4      | Noticed Robin
  3589 | D:4      | Killed an ogre
  3590 | D:4      | Reached XP level 6. HP: 56/56 MP: 6/6
  3597 | D:4      | Reached skill level 6 in Axes
  3599 | D:4      | Killed Robin
  3643 | D:4      | Found an opulent altar of Gozag.
  3677 | D:4      | Noticed Natasha
  3685 | D:4      | Killed Natasha
  3967 | D:4      | Noticed Natasha
  3982 | D:4      | Killed Natasha
  4002 | D:4      | Noticed Natasha
  4006 | D:4      | Killed Natasha
  4006 | D:4      | Reached **** piety under Trog
  4610 | D:5      | Entered Level 5 of the Dungeon
  4623 | D:5      | Reached skill level 7 in Axes
  4925 | D:5      | Your scales start taking on a dull iron-grey colour.
  4925 | D:5      | Reached XP level 7. HP: 61/61 MP: 7/7
  4925 | D:5      | Gained mutation: You can survive without breathing. [Grey
                  | Draconian growth]
  5141 | D:5      | Reached skill level 8 in Axes
  5495 | D:5      | Found a hazy altar of Hepliaklqana.
  5547 | D:5      | Noticed Edmund
  5562 | D:5      | Killed Edmund
  5563 | D:5      | Reached skill level 9 in Axes
  5563 | D:5      | Reached XP level 8. HP: 68/68 MP: 8/8
  6689 | D:6      | Killed an unseen horror
  6690 | D:6      | Reached skill level 10 in Axes
  6700 | D:6      | Reached skill level 11 in Axes
  7340 | D:6      | Found a shimmering blue altar of Sif Muna.
  7349 | D:6      | Reached XP level 9. HP: 74/74 MP: 9/9
  7352 | D:6      | Found a bloodstained altar of Trog.
  7358 | D:6      | Reached ***** piety under Trog
  8326 | D:6      | Found a broken altar of Ashenzari.
  8326 | D:6      | Found a blossoming altar of Fedhas.
  8326 | D:6      | Found a sparkling altar of Nemelex Xobeh.
  8889 | D:7      | Noticed a green ugly thing
  8898 | D:7      | Killed a green ugly thing
 10153 | D:7      | Found a staircase to the Ecumenical Temple.
 10261 | D:8      | Noticed Joseph
 10273 | D:8      | Killed Joseph
 10274 | D:8      | Reached skill level 12 in Axes
 10274 | D:8      | Reached skill level 5 in Dodging
 10590 | D:8      | Noticed a komodo dragon
 10601 | D:8      | Killed a komodo dragon
 10614 | D:8      | Reached XP level 10. HP: 80/84 MP: 10/10
 10764 | D:8      | Found a shimmering altar of Xom.
 10776 | D:8      | Received a gift from Trog
 10980 | D:8      | Found the +7 mace of Variability {chain chaos}
 11272 | D:8      | Found a broken altar of Ashenzari.
 11363 | D:8      | Reached skill level 1 in Maces & Flails
 11600 | D:9      | Found a shadowy altar of Dithmenos.
 11722 | D:9      | Noticed Psyche
 11727 | D:9      | Killed Psyche
 11728 | D:9      | Reached skill level 1 in Evocations
 12261 | D:10     | Entered Level 10 of the Dungeon
 12751 | D:10     | Noticed Sonja
 12764 | D:10     | Killed Sonja
 12826 | D:10     | Found a glowing silver altar of Zin.
 12837 | D:10     | Reached skill level 5 in Maces & Flails
 12996 | D:10     | Reached XP level 11. HP: 92/92 MP: 11/11
 13940 | D:11     | Received a gift from Trog
 13976 | D:11     | Got a transparent broad axe {god gift}
 13977 | D:11     | Identified the +7 broad axe of the Depths {flame, rElec
                  | Int+8} (Trog gifted it to you on level 11 of the Dungeon)
 14137 | D:11     | Found a staircase to the Orcish Mines.
 14834 | D:11     | Found a staircase to the Lair.
 15033 | D:11     | Reached skill level 5 in Evocations
 15338 | D:12     | HP: 4/92 [troll (11)]
 15684 | Lair:1   | Entered Level 1 of the Lair of Beasts
 16723 | Lair:1   | Found a runed translucent door.
 16728 | Lair:1   | Noticed Oxili's ghost (novice DgTm)
 16730 | Lair:1   | Identified the +7 trident of the Thieving Wasp {flame,
                  | *Corrode Str+4 Dex+4}
 16812 | Lair:1   | Killed Oxili's ghost
 16827 | Lair:1   | Slain by a polar bear

Illustrated notes

Levels and vault maps discovered:
D:1:      dpeg_arrival_orchard, layout_loops_ring, minmay_cupped
D:2:      minmay_spotlight, layout_loops_corners, minivault_25,
          hangedman_decor_growths
D:3:      layout_basic, chequers_serial_rivers_micro_d
D:4:      layout_gridville, lemuel_round_altar, gammafunk_ghost_necromancy,
          minmay_crystal_room, grunt_qazlal_sundering, uniq_robin, uniq_natasha
D:5:      minmay_evil_eye, layout_gridville, lemuel_doored_altar,
          cheibrodos_sewer_entry_bend, uniq_edmund
D:6:      layout_basic, nzn_overflow_gifts_of_might_and_magic,
          gammafunk_temple_overflow_claw, hangedman_abyss_or_decor_passed,
          fountainhead, minivault_4, hangedman_decor_peaks_small
D:7:      layout_basic, minmay_temple_entry_fiery
D:8:      layout_basic, basic_altar, minmay_guarded_unrand_variability,
          uniq_joseph
D:9:      layout_roguey, nicolae_dithmenos_through_a_glass_darkly,
          serial_bayou_crossing, uniq_psyche
D:10:     layout_cave_pods, basic_altar, uniq_sonja
D:11:     layout_rooms, erik_lair_dragon, orc_0_dummy, grunt_decor_mini_mirrors
D:12:     layout_rooms, minivault_8
Lair:1:   layout_loops_ring, ebering_ghost_funeral_grove, st_stairs_10

Skill      XL: |  1  2  3  4  5  6  7  8  9 10 11 |
---------------+----------------------------------+-----
Fighting       | 4 5 6 7 |  7.5
Axes           | 4 5 7 9 11 12 | 12.4
Dodging        | 6 7 8 |  8.5
Maces & Flails | 5 9 |  9.0
Evocations     | 3 6 |  6.0

Action                   |  1- 3 |  4- 6 |  7- 9 | 10-12 || total
-------------------------+-------+-------+-------+-------++-------
Melee: Hand axe          |   137 |   161 |   117 |       ||   415
       Tailslap          |    16 |    28 |    36 |    39 ||   119
       Flail             |       |       |    77 |       ||    77
       War axe           |       |       |    85 |    40 ||   125
       Great mace        |       |       |       |   296 ||   296
Invok: Berserk           |     3 |     4 |     8 |     8 ||    23
       Trog's Hand       |       |       |     3 |     4 ||     7
       Brothers in Arms  |       |       |       |     1 ||     1
  Use: Potion            |       |       |     3 |     2 ||     5
       Scroll            |       |       |     8 |       ||     8
 Stab: Distracted        |       |     1 |       |       ||     1
       Sleeping          |       |       |     1 |       ||     1
       Paralysed         |       |       |       |     6 ||     6
       Confused          |       |       |       |     1 ||     1
Armor: Skin              |    46 |    53 |   112 |   168 ||   379
Dodge: Dodged            |   104 |   101 |   158 |   326 ||   689

Table legend: (Time is in decaauts)
 A = Elapsed time spent in this place.
 B = Non-inter-level travel time spent in this place.
 C = Inter-level travel time spent in this place.
 D = Time resting spent in this place.
 E = Time spent auto-exploring this place.
 F = Levels seen in this place.
 G = Mean time per level.
                   A        B        C        D        E       F      G
               +--------+--------+--------+--------+--------+-----+--------+
         Total |  17070 |  16650 |    420 |   6730 |   7936 |  13 | 1313.1 |
       Dungeon |  15922 |  15503 |    419 |   6337 |   7284 |  12 | 1326.8 |
          Lair |   1147 |   1147 |      0 |    393 |    652 |   1 | 1147.0 |
               +--------+--------+--------+--------+--------+-----+--------+

Top non-repeatable levels by time:
     D:6: 2461 daAuts
     D:7: 1862 daAuts
    D:11: 1802 daAuts
     D:5: 1674 daAuts
     D:4: 1624 daAuts
     D:1: 1448 daAuts
    D:10: 1394 daAuts
  Lair:1: 1147 daAuts
     D:2: 1145 daAuts
     D:8: 1004 daAuts
     D:9: 969 daAuts
     D:3: 469 daAuts
    D:12: 68 daAuts
